 Dungeon Crawl Stone Soup version 0.29-a0-577-gafbf2c5d25 (webtiles) character file.

Game seed: 3083543815928095138

3466 marklar909 the Vexing (level 9, -2/72 HPs)
             Began as a Palentonga Hedge Wizard on June 13, 2022.
             Was a Priest of Sif Muna.
             Slain by an orc warrior
             ... wielding a +0 war axe
              (16 damage)
             ... in a bailey.
             The game lasted 00:53:21 (16255 turns).

marklar909 the Vexing (Palentonga Hedge Wizard)    Turns: 16255, Time: 00:53:22

Health: -2/72      AC: 16    Str: 13    XL:     9   Next: 78%
Magic:  5/16       EV: 11    Int: 22    God:    Sif Muna [***...]
Gold:   349        SH:  0    Dex: 13    Spells: 9/18 levels left

rFire   . . .      SeeInvis +   y - +6 morningstar
rCold   . . .      Faith    +   (no shield)
rNeg    . . .      Spirit   .   b - +0 robe
rPois   .          Reflect  .   o - +2 helmet "Oxkon Venuny" {Stlth+}
rElec   .          Harm     .   g - +0 cloak
rCorr   +          Rampage  .   a - +0 pair of gloves
Will    +....                   (no barding)
Stlth   +++.......              f - amulet of faith
HPRegen 0.22/turn               A - ring "Rutuutuh" {Fly Will+ rCorr Int+2 Dex+4}
MPRegen 0.15/turn               k - ring of wizardry

@: lethally poisoned (-2 -> -17), on blink cooldown, flying, curled up
A: large, rugged brown scales 3, see invisible, deformed body, roll 1, armoured
tail, reflexive curl
a: Rolling Charge, Renounce Religion, Channel Magic, Forget Spell


You were in a bailey.
You worshipped Sif Muna.
Sif Muna was most pleased with you.
You visited 1 branch of the dungeon, and saw 8 of its levels.
You also visited: Bailey.

You collected 565 gold pieces.
You spent 216 gold pieces at shops.

Inventory:

Hand Weapons
 y - a +6 morningstar (weapon)
Armour
 a - a +0 pair of gloves (worn)
 b - a +0 robe (worn)
 g - a +0 cloak (worn)
 o - the +2 helmet "Oxkon Venuny" (worn) {Stlth+}
   (You took it off Robin on level 2 of the Dungeon)

   Stlth:     It makes you more stealthy.
 t - a +1 kite shield
Magical Staves
 p - a staff of death
Jewellery
 f - an amulet of faith (around neck)
 i - a ring of magical power
 k - a ring of wizardry (right hand)
 l - a +6 ring of dexterity
 x - a +6 ring of strength
 A - the ring "Rutuutuh" (left hand) {Fly Will+ rCorr Int+2 Dex+4}
   (You acquired it on level 7 of the Dungeon)

   [ring of resist corrosion]

   Int:       It affects your intelligence (+2).
   Dex:       It affects your dexterity (+4).
   Fly:       It grants you flight.
   rCorr:     It protects you from acid and corrosion.
   Will:      It increases your willpower.
Wands
 u - a wand of charming (13)
 v - a wand of acid (4)
 w - a wand of flame (30)
Scrolls
 j - 3 scrolls of blinking
 z - a scroll of identify
 B - 2 scrolls of teleportation
 C - a scroll of enchant weapon
 E - a scroll of fear {unknown}
Potions
 c - 2 potions of attraction {unknown}
 d - a potion of magic
 e - 3 potions of curing
 h - 5 potions of lignification
 m - 2 potions of degeneration {unknown}
 n - 4 potions of flight
 q - a potion of berserk rage {unknown}
 r - a potion of brilliance {unknown}
 s - 3 potions of heal wounds {unknown}
 D - a potion of ambrosia {unknown}


   Skills:
 * Level 5.0 Fighting
 + Level 0.7 Short Blades
 + Level 5.0(5.3) Maces & Flails
 - Level 2.8(4.3) Staves
 * Level 4.7 Dodging
 + Level 3.3 Stealth
 - Level 5.0 Spellcasting
 + Level 3.3 Conjurations
 * Level 5.2 Hexes
 + Level 0.7 Summonings
 * Level 3.5 Translocations
 + Level 1.7 Ice Magic
 + Level 0.3 Evocations


You had 9 spell levels left.
You knew the following spells:

 Your Spells              Type           Power      Damage    Failure   Level
a - Magic Dart            Conj           80%        1d7       1%          1
b - Slow                  Hex            100%       N/A       1%          1
c - Blink                 Tloc           42%        N/A       1%          2
d - Ensorcelled Hibernat  Hex/Ice        42%        N/A       1%          2
e - Mephitic Cloud        Conj/Pois/Air  10%        N/A       8%          3

Your spell library contained the following spells:

 Spells                   Type           Power      Damage    Failure   Level
 Call Imp                 Summ           8%         N/A       4%          2
 Passwall                 Tmut/Erth      4%         N/A       6%          2
 Conjure Flame            Conj/Fire      12%        6-21      6%          3
 Swiftness                Air            5%         N/A       12%         3


Dungeon Overview and Level Annotations

Branches:
Dungeon (8/15)             Temple (0/1) D:7          Bailey (1/1)
   Lair: D:8-11

Altars:
Ashenzari
Dithmenos
Elyvilon
Makhleb
Nemelex Xobeh
Okawaru
Qazlal
Sif Muna
Trog
Vehumet
Xom
Yredelemnul

Shops:
D:6 [

Annotations:
D:4 1 runed translucent door, Crazy Yiuf
D:7 2 runed translucent doors, Drazool's ghost, novice MeEE


Innate Abilities, Weirdness & Mutations

You are completely covered in rugged brown scales. (AC +3, +7% HP)
You have supernaturally acute eyesight. (SInv)
Armour fits poorly on your strangely shaped body.
You can roll at nearby foes to attack.
You have a long armoured tail.
You curl defensively after being hit. (AC +7*)


Message History

The orc warrior barely misses you. x2
Casting: Ensorcelled Hibernation (safe; 1% risk of failure)
Confirm with . or Enter, or press ? or * to list all spells.
You blink.
The orc warrior hits you but does no damage.
You see here 2 boomerangs.
The orc warrior attacks as you move away!
The orc warrior barely misses you.
The orc warrior hits you with a +0 battleaxe!!
* * * LOW HITPOINT WARNING * * *
Okay, then.
Blink to where?
Press: ? - help, Dir - move target, p - orc warrior A kobold brigand and an orc warrior come into view.
The kobold brigand is wielding a +0 war axe and quivering poisoned darts.
As you read the scroll of blinking, it crumbles to dust.
You feel stable enough to blink again.
The kobold brigand shouts!
The orc warrior shouts!
An orc warrior comes into view. It is wielding a +0 war axe.
The orc warrior shouts! x2; You hear a shout!
Casting: Blink (safe; 1% risk of failure)
Confirm with . or Enter, or press ? or * to list all spells.
You blink.
An orc warrior comes into view. It is wielding a +0 war axe.
The kobold brigand throws a poisoned dart.
The poisoned dart hits you!
You are poisoned.
* * * LOW HITPOINT WARNING * * *
You feel sick.
You feel better.
The kobold brigand throws a poisoned dart.
The poisoned dart hits you!
You are poisoned.
The kobold brigand throws a poisoned dart.
The poisoned dart hits you!
You are lethally poisoned!
The orc warrior attacks as you move away!
The orc warrior hits you with a +0 war axe!
You die...

####'''####
##≈.......≈##
####≈≈.......≈≈#####
....≈≈.......≈≈....#
###≈≈.......≈≈###.#
....≈≈..K....≈≈....#
.###≈≈......o≈o###.#
...≈≈.......≈≈o...#
###≈≈....o@oK≈###.#
...≈≈.......≈≈....#
###≈≈..)....≈≈###.#
...≈≈.......≈≈....#
###≈≈.......≈≈#####
##≈....(..≈##
####...#### #)..#
#.(.#


You could see 5 orc warriors and 2 kobold brigands.

Vanquished Creatures
  A two-headed ogre (D:7)
  An orc warrior (Bailey)
  A black bear (D:5)
  A centaur (D:5)
  5 ogres
  3 phantoms
  5 kobold brigands
  2 gnoll sergeants
  A bullfrog (D:5)
  5 necrophages
  2 scorpions (D:5)
  A killer bee (D:6)
  3 howler monkeys (D:7)
  4 orc priests
  A gnoll shaman (D:6)
  2 hounds (D:6)
  2 jellies
  An iguana (D:5)
  Jessica (D:2)
  2 orc wizards (D:7)
  Natasha (thrice) (D:4)
  Robin (D:2)
  11 adders
  13 gnolls
  3 river rats (D:5)
  A shadow imp (D:6)
  A white imp (D:6)
  3 ufetubi
  2 worms
  A dart slug (D:4)
  27 orcs
  An endoplasm (D:4)
  3 giant cockroaches
  21 goblins
  8 hobgoblins
  A quokka (D:4)
  6 ball pythons
  4 bats
  2 frilled lizards (D:3)
  14 kobolds
  4 rats
174 creatures vanquished.

Vanquished Creatures (others)
  A fungus (D:4)
1 creature vanquished.

Grand Total: 175 creatures vanquished

Notes
Turn   | Place    | Note
-------+----------+-------------------------------------------
     0 | D:1      | marklar909 the Palentonga Hedge Wizard began the quest for
                  | the Orb.
     0 | D:1      | Reached XP level 1. HP: 13/13 MP: 4/4
   446 | D:1      | Reached skill level 1 in Conjurations
   652 | D:1      | Learned a level 1 spell: Slow
  1084 | D:2      | Reached XP level 2. HP: 20/20 MP: 1/6
  1089 | D:1      | Learned a level 2 spell: Blink
  1354 | D:2      | Noticed Jessica
  1363 | D:2      | Killed Jessica
  1364 | D:2      | Reached XP level 3. HP: 25/25 MP: 8/8
  1406 | D:2      | Learned a level 2 spell: Ensorcelled Hibernation
  1501 | D:2      | Identified the +2 helmet "Oxkon Venuny" {Stlth+}
  1501 | D:2      | Noticed Robin
  1753 | D:2      | Found a faded altar of an unknown god.
  3092 | D:2      | Killed Robin
  3093 | D:2      | Reached XP level 4. HP: 29/32 MP: 9/9
  3214 | D:3      | Found a shadowy altar of Dithmenos.
  3584 | D:3      | Found a stormy altar of Qazlal.
  3599 | D:3      | Found an iron altar of Okawaru.
  3602 | D:3      | Found a basalt altar of Yredelemnul.
  3603 | D:3      | Found a sparkling altar of Nemelex Xobeh.
  3608 | D:3      | Found a burning altar of Makhleb.
  3612 | D:3      | Found a shimmering blue altar of Sif Muna.
  3613 | D:3      | Found a white marble altar of Elyvilon.
  3614 | D:3      | Found a radiant altar of Vehumet.
  3615 | D:3      | Found a broken altar of Ashenzari.
  3622 | D:3      | Became a worshipper of Sif Muna the Loreminder
  3641 | D:3      | Found a bloodstained altar of Trog.
  3919 | D:3      | Noticed a gnoll sergeant
  4312 | D:3      | Reached skill level 1 in Hexes
  4312 | D:3      | Reached XP level 5. HP: 21/38 MP: 11/11
  6391 | D:4      | Noticed an ogre
  6415 | D:4      | Killed an ogre
  6416 | D:4      | Reached skill level 1 in Staves
  6416 | D:4      | Reached XP level 6. HP: 44/44 MP: 11/12
  7669 | D:4      | Found a runed translucent door.
  7670 | D:4      | Noticed Crazy Yiuf
  7698 | D:4      | Reached skill level 1 in Ice Magic
  7786 | D:4      | Reached skill level 5 in Spellcasting
  7798 | D:4      | Reached * piety under Sif Muna
  7869 | D:4      | Noticed Natasha
  7873 | D:4      | Killed Natasha
  7874 | D:4      | Reached skill level 1 in Fighting
  7895 | D:4      | Noticed Natasha
  7911 | D:4      | Killed Natasha
  8098 | D:4      | Noticed Natasha
  8101 | D:4      | Gained mutation: You curl defensively after being hit. (AC
                  | +7*) [Palentonga growth]
  8101 | D:4      | Reached XP level 7. HP: 51/51 MP: 12/14
  8106 | D:4      | Killed Natasha
  8985 | D:5      | Entered Level 5 of the Dungeon
 10884 | D:5      | Reached XP level 8. HP: 60/60 MP: 15/15
 10919 | D:5      | Reached skill level 1 in Maces & Flails
 10971 | D:6      | Reached ** piety under Sif Muna
 11482 | D:6      | Found Geisi's Antique Armour Emporium.
 11490 | D:6      | Bought a pair of gloves for 108 gold pieces
 11490 | D:6      | Bought a cloak for 108 gold pieces
 11574 | D:6      | Noticed a boulder beetle
 12629 | D:6      | Identified the +2 leather armour of Ahach {rF+ Int+4}
 13109 | D:6      | Reached XP level 9. HP: 63/69 MP: 16/16
 13113 | D:6      | Learned a level 3 spell: Mephitic Cloud
 13751 | D:7      | Noticed a two-headed ogre
 14722 | D:7      | Found a staircase to the Ecumenical Temple.
 14722 | D:7      | Found a large runed translucent door.
 14723 | D:7      | Found a large runed translucent door.
 14783 | D:7      | Noticed Drazool's ghost (novice MeEE)
 15129 | D:7      | Killed a two-headed ogre
 15494 | D:7      | Found a shimmering altar of Xom.
 15592 | D:7      | Identified a scroll of acquirement
 15592 | D:7      | Acquired the ring "Rutuutuh" {Fly Will+ rCorr Int+2 Dex+4}
 15626 | D:8      | Found a flagged portal.
 15635 | Bailey   | Entered a bailey
 15726 | Bailey   | Reached skill level 5 in Hexes
 15731 | Bailey   | Reached *** piety under Sif Muna
 15938 | Bailey   | Reached skill level 5 in Fighting
 15938 | Bailey   | Reached skill level 5 in Maces & Flails
 16255 | Bailey   | Slain by an orc warrior

Illustrated notes

Levels and vault maps discovered:
D:1:      matt_arrival_spirals, layout_basic
D:2:      layout_loops_ring, shapermc_ecumenical_altar_starsandcircs,
          skrybe_limestone_x, uniq_jessica, uniq_robin
D:3:      layout_rooms, mainiacjoe_overflow_catwalk, amcnicky_altar_gilded,
          minitemple
D:4:      layout_basic, serial_glass, glass_columns_a, glass_columns_a,
          uniq_crazy_yiuf_cottage, uniq_natasha
D:5:      layout_basic, lightli_sewer_entry_pipes
D:6:      cheibrodos_fzero, layout_basic, kennysheep_little_box, serial_shops,
          nicolae_shop_waterfront, minmay_fractal_squares_diagonal_5
D:7:      layout_rooms, mainiacjoe_overflow_alcove_4, minmay_temple_entry_tees,
          ebering_ghost_disaster_area, minivault_4, kennysheep_generic_room_8
D:8:      layout_loops_ring, special_room [special_room_orc], enter_bailey_3,
          uniq_erica, uniq_grum
Bailey:   bailey_axe_3, bailey

Skill      XL: |  1  2  3  4  5  6  7  8  9 |
---------------+----------------------------+-----
Conjurations   | 1 2 3 |  3.3
Spellcasting   | 4 5 |  5.0
Hexes          | 1 2 3 5 |  5.2
Stealth        | 2 3 |  3.3
Staves         | 1 2 |  2.8
Dodging        | 2 3 4 |  4.7
Ice Magic      | 1 |  1.7
Fighting       | 1 2 3 5 |  5.0
Maces & Flails | 4 5 |  5.0
Translocations | 2 3 |  3.5
Short Blades   | |  0.7
Summonings     | |  0.7
Evocations     | |  0.3

Action                   |  1- 3 |  4- 6 |  7- 9 || total
-------------------------+-------+-------+-------++-------
Melee: Dagger            |    73 |     3 |       ||    76
       Tailslap          |     7 |    13 |    44 ||    64
       Punch             |     1 |       |     7 ||     8
       Quarterstaff      |       |    71 |    88 ||   159
       Morningstar       |       |       |   232 ||   232
 Cast: Magic Dart        |    50 |   182 |   155 ||   387
       Slow              |     8 |     1 |     6 ||    15
       Ensorcelled Hiber |    10 |    33 |    27 ||    70
       Blink             |     3 |     6 |    24 ||    33
       Mephitic Cloud    |       |       |     2 ||     2
 Abil: Rolling Charge    |       |     5 |    23 ||    28
Evoke: Wand              |       |       |     3 ||     3
  Use: Scroll            |     1 |     5 |     8 ||    14
       Potion            |     1 |     1 |     2 ||     4
 Stab: Sleeping          |     5 |    15 |    14 ||    34
       Confused          |       |       |     1 ||     1
Armor: Robe              |    30 |    19 |   232 ||   281
Dodge: Dodged            |    49 |    53 |   255 ||   357

Table legend: (Time is in decaauts)
 A = Elapsed time spent in this place.
 B = Non-inter-level travel time spent in this place.
 C = Inter-level travel time spent in this place.
 D = Time resting spent in this place.
 E = Time spent auto-exploring this place.
 F = Levels seen in this place.
 G = Mean time per level.
                   A        B        C        D        E       F      G
               +--------+--------+--------+--------+--------+-----+--------+
         Total |  16372 |  14312 |   2060 |   7426 |   4398 |   9 | 1819.1 |
       Dungeon |  15732 |  13672 |   2060 |   7057 |   4388 |   8 | 1966.5 |
        Bailey |    640 |    640 |      0 |    369 |     10 |   1 |  640.0 |
               +--------+--------+--------+--------+--------+-----+--------+

Top non-repeatable levels by time:
     D:5: 3301 daAuts
     D:2: 3029 daAuts
     D:3: 2369 daAuts
     D:1: 2068 daAuts
     D:6: 2023 daAuts
     D:4: 1816 daAuts
     D:7: 1100 daAuts
  Bailey: 640 daAuts
     D:8: 21 daAuts
